 Dungeon Crawl Stone Soup version 0.28.0-43-g3370ac3207 (webtiles) character file.

Game seed: 10956074255429578124

42 Eitelfritz the Cudgeller (level 3, 0/31 HPs)
             Began as a Minotaur Gladiator on Mar 9, 2022.
             Slain by a gnoll shaman
             ... wielding a +0 club
              (4 damage)
             ... on level 1 of the Dungeon.
             The game lasted 00:01:17 (781 turns).

Eitelfritz the Cudgeller (Minotaur Gladiator)        Turns: 781, Time: 00:01:18

Health: 0/31       AC:  5    Str: 18    XL:     3   Next: 33%
Magic:  2/2        EV: 11    Int:  7    God:
Gold:   32         SH:  0    Dex: 11    Spells: 2/2 levels left

rFire   . . .      SeeInvis .   a - +0 flail
rCold   . . .      Faith    .   (no shield)
rNeg    . . .      Spirit   .   h - +0 ring mail
rPois   .          Reflect  .   c - +0 hat
rElec   .          Harm     .   (no cloak)
rCorr   .          Rampage  .   (no gloves)
Will    .....                   (no boots)
Stlth   ..........              (no amulet)
HPRegen 0.10/turn               (no ring)
MPRegen 0.08/turn               (no ring)

@: lit by a corona, glowing
A: horns 2, retaliatory headbutt
a: no special abilities


You were on level 1 of the Dungeon.
You visited 1 branch of the dungeon, and saw 2 of its levels.

You collected 32 gold pieces.

Inventory:

Hand Weapons
 a - a +0 flail (weapon)
Missiles
 d - 3 throwing nets (quivered)
Armour
 c - a +0 hat (worn)
 h - a +0 ring mail (worn)
Scrolls
 b - a scroll of magic mapping {unknown}
 i - a scroll of amnesia {unknown}
 j - a scroll of identify {unknown}
Potions
 e - a potion of ambrosia {unknown}
 f - a potion of haste {unknown}
 g - a potion of curing {unknown}


   Skills:
 + Level 3.0 Fighting
 + Level 4.4 Maces & Flails
 + Level 2.1 Throwing
 + Level 3.8 Dodging


You had 2 spell levels left.
You didn't know any spells.
Your spell library contained the following spells:

 Spells                   Type           Power      Damage    Failure   Level
 Call Canine Familiar     Summ           0%         N/A       94%         3
 Portal Projectile        Hex/Tloc       0%         N/A       94%         3
 Leda's Liquefaction      Hex/Erth       0%         N/A       100%        4


Dungeon Overview and Level Annotations

Branches:
Dungeon (2/15)

Altars:


Innate Abilities, Weirdness & Mutations

You have a pair of horns on your head.
You reflexively headbutt those who attack you in melee.


Message History

The gnoll is heavily wounded.
The gnoll hits you with a +0 flail.
You hit the gnoll.
The gnoll is severely wounded.
The gnoll hits you but does no damage.
You closely miss the gnoll.
The gnoll is severely wounded.
The gnoll hits you with a +0 flail.
You hit the gnoll.
You kill the gnoll!
You see here a +0 flail.
You start resting.
HP restored.
There is a stone staircase leading down, spattered with blood here.
You climb downwards.
There is a stone staircase leading up here.
A goblin comes into view. It is wielding a +0 club.
The goblin shouts!
A gnoll comes into view. It is wielding a +0 spear.
The gnoll shouts!
There is a stone staircase leading up here.
There is a stone staircase leading up here.
The gnoll shaman hits you with a +0 club.
The gnoll hits you but does no damage.
You climb upwards.
There is a stone staircase leading down, spattered with blood here.
You barely miss the gnoll shaman.
The gnoll shaman invokes the aid of its god against you.
You are outlined in light.
You closely miss the gnoll shaman.
The gnoll shaman hits you with a +0 club!
You sock the gnoll shaman!
The gnoll shaman is moderately wounded.
The gnoll shaman hits you with a +0 club!
You sock the gnoll shaman!
The gnoll shaman is severely wounded.
The gnoll shaman hits you with a +0 club!
* * * LOW HITPOINT WARNING * * *
The gnoll shaman hits you with a +0 club.
You die...

######..............#............
..................###............
.........†.###.#..# #............
.........#####.#.####............
.........##....#.#...............
.........##.##......###..........
........##..#...............#...#
........##)##.###).###......#.###
........##)##..g@).....#....#....
...(.....÷.#..##.##.####.........
..............##.#..# #.........
............##.....## ##.........
..........####.....####..........
....)...)..###....###.......#....
.............#........##....#....
#........###.......#######.##....
....(.....###.....#######..##....


You could see a gnoll shaman.

Vanquished Creatures
  2 gnolls (D:1)
  4 ball pythons (D:1)
  4 endoplasms (D:1)
  2 hobgoblins (D:1)
  2 bats (D:1)
  4 frilled lizards (D:1)
  2 goblins (D:1)
  2 kobolds (D:1)
  4 rats (D:1)
26 creatures vanquished.

Notes
Turn   | Place    | Note
-------+----------+-------------------------------------------
     0 | D:1      | Eitelfritz the Minotaur Gladiator began the quest for the
                  | Orb.
     0 | D:1      | Reached XP level 1. HP: 18/18 MP: 0/0
   193 | D:1      | Reached XP level 2. HP: 25/25 MP: 1/1
   194 | D:1      | Reached skill level 4 in Maces & Flails
   285 | D:1      | You fall into a shaft and drop 1 floor!
   614 | D:1      | Reached XP level 3. HP: 27/31 MP: 2/2
   781 | D:1      | Slain by a gnoll shaman

Illustrated notes

Levels and vault maps discovered:
D:1:      dpeg_arrival_pond, layout_rooms
D:2:      layout_loops_ring, basic_altar, minmay_misc_feat_secret_circle,
          grunt_decor_clamped, uniq_terence

Skill      XL: |  1  2 |
---------------+-------+-----
Maces & Flails | 4 |  4.4
Fighting       | 3 |  3.0
Throwing       | |  2.1
Dodging        | |  3.8

Action                   || total
-------------------------++-------
Melee: Flail             ||    43
       Headbutt          ||     3
       Punch             ||     1
Armor: Leather armour    ||     3
       Ring mail         ||     9
Dodge: Dodged            ||    37
